 Dungeon Crawl Stone Soup version 0.30-a0-878-gc727b3d3d6 (webtiles) character file.

Game seed: 7539174757793758801

53 BROtania the Trooper (level 3, -1/34 HPs)
             Began as a Minotaur Berserker on Mar 12, 2023.
             Was a Believer of Trog.
             Slain by a sun demon (5 damage)
             ... summoned by a kobold demonologist
             ... on level 3 of the Dungeon.
             The game lasted 00:15:40 (1113 turns).

BROtania the Trooper (Minotaur Berserker)           Turns: 1113, Time: 00:15:41

Health: -1/34      AC:  2    Str: 23    XL:     3   Next: 62%
Magic:  2/2        EV: 12    Int:  4    God:    Trog [**....]
Gold:   107        SH:  0    Dex:  9    Spells: 2/2 levels left

rFire   . . .      SeeInvis .    a - +0 spear
rCold   . . .      Faith    .    (no shield)
rNeg    . . .      Spirit   .    b - +0 animal skin
rPois   .          Reflect  .    (helmet restricted)
rElec   .          Rampage  .    (no cloak)
rCorr   .                        (no gloves)
Will    .....                    (no boots)
Stlth   +                        (no amulet)
HPRegen 0.25/turn                (no ring)
MPRegen 0.08/turn                (no ring)

@: no status effects
A: horns 2, retaliatory headbutt
a: Renounce Religion, Berserk, Trog's Hand


You were on level 3 of the Dungeon.
You worshipped Trog.
Trog was pleased with you.
You visited 1 branch of the dungeon, and saw 3 of its levels.

You collected 107 gold pieces.

Inventory:

Hand Weapons
 a - a +0 spear (weapon)
 d - a +2 sling of draining
Missiles
 f - 4 javelins
Armour
 b - a +0 animal skin (worn)
 l - a +0 ring mail
Magical Staves
 j - a staff of cold
Jewellery
 n - an amulet of reflection
Wands
 p - a wand of paralysis (8)
Scrolls
 g - a scroll of blinking {unknown}
 i - a scroll of butterflies {unknown}
 k - a scroll of identify {unknown}
 o - a scroll of poison {unknown}
Potions
 c - 3 potions of might {unknown}
 e - 2 potions of magic {unknown}
 h - 2 potions of curing (quivered) {unknown}
 m - a potion of attraction {unknown}


   Skills:
 + Level 4.4 Fighting
 + Level 4.3 Polearms
 + Level 0.4 Throwing
 + Level 2.7 Armour
 + Level 2.6 Dodging
 + Level 0.1 Stealth


You had 2 spell levels left.
You didn't know any spells.
Your spell library was empty.

Dungeon Overview and Level Annotations

Branches:
Dungeon (3/15)

Altars:
Zin


Innate Abilities, Weirdness & Mutations

You have a pair of horns on your head.
You reflexively headbutt those who attack you in melee.


Message History

The hobgoblin is heavily wounded.
The hobgoblin hits you.
You hit the hobgoblin.
You kill the hobgoblin!
Trog accepts your kill.
m - a brown potion The shadow imp shouts!
The orc priest shouts!
The shadow imp laughs crazily.
The shadow imp shouts, "Embrace thy failure, thou erky motley-minded yak-dropping!"
Found a stone staircase leading down.
The shadow imp shouts, "Bolt, thou lumpish dread-bolted swadder!"
Found an escape hatch in the ceiling.
There is a transporter here.
You enter the transporter and appear at another place.
The shadow imp shouts, "Remove thy stench, thou bumbling ruttish bladder!"
p - a wand of paralysis (8)
You open the door.
The shadow imp shouts, "Crawl home, thou puking clapper-clawed varlet!"
The kobold demonologist gestures wildly while chanting.
There is an open door here.
You closely miss the crimson imp.
The orc priest curses to no one in particular.
The shadow imp gestures at you. Pain shoots through your body!
You closely miss the crimson imp. The crimson imp hits you.
The shadow imp gestures at you. Pain shoots through your body!
The shadow imp gestures at you. Pain shoots through your body!
You puncture the crimson imp!
The crimson imp is heavily wounded.
The crimson imp barely misses you.
The kobold demonologist mumbles some strange words.
You puncture the crimson imp!
You kill the crimson imp!
The crimson imp disappears in a puff of smoke!
The sun demon hits you.
You are engulfed in flames!
* * * LOW HITPOINT WARNING * * *
The sun demon attacks as you move away! The sun demon hits you.
You die...

#.............
######.#######
...#########.#######
....................
...####.############
#.#8P#K55....#
#.#####.#P.#≈≈≈≈≈≈≈#
#.......#..#§§~~~..#
###....©#©@3.§~♣~..+
#..#..#..#.§~~P..#
#..#<.#P.#≈≈≈≈≈≈≈#
.......#8P#5o5....
#.#..#..###########
...<..>............
#..###...####.###
#.. ...## .#


You could see a sun demon (summoned), a kobold demonologist, an orc priest and 4
shadow imps.

Vanquished Creatures
  2 worms (D:2)
  4 ball pythons
  4 bats
  6 endoplasms
  A giant cockroach (D:1)
  4 goblins
  4 hobgoblins
  3 jackals (D:1)
  4 quokkas
  A frilled lizard (D:1)
  6 kobolds
  2 rats
41 creatures vanquished.

Notes
Turn   | Place    | Note
-------+----------+-------------------------------------------
     0 | D:1      | BROtania the Minotaur Berserker began the quest for the
                  | Orb.
     0 | D:1      | Reached XP level 1. HP: 19/19 MP: 0/0
   113 | D:1      | Reached XP level 2. HP: 26/27 MP: 1/1
   369 | D:1      | Reached XP level 3. HP: 25/33 MP: 2/2
   896 | D:2      | Found a glowing silver altar of Zin.
   974 | D:3      | Reached ** piety under Trog
   994 | D:3      | Noticed a kobold demonologist
  1046 | D:3      | Found a transporter.
  1111 | D:3      | Noticed a sun demon
  1113 | D:3      | Slain by a sun demon

Illustrated notes

Levels and vault maps discovered:
D:1:      dpeg_arrival_erosion, layout_basic
D:2:      layout_basic, basic_altar, minmay_misc_feat_enclosed
D:3:      gammafunk_wand_slinger, layout_loops_ring,
          shapermc_ecumenical_altar_petra, uniq_ijyb

Skill      XL: |  1  2 |
---------------+-------+-----
Fighting       | 4 |  4.4
Polearms       | 4 |  4.3
Throwing       | |  0.4
Armour         | |  2.7
Dodging        | |  2.6
Stealth        | |  0.1

Action                     || total
---------------------------++-------
  Melee: Spear             ||    95
         Headbutt          ||     7
  Throw: Javelin           ||     6
 Invoke: Berserk           ||     4
    Use: Potion            ||     1
   Stab: Sleeping          ||     1
 Armour: Animal skin       ||    19
  Dodge: Dodged            ||    49

Table legend: (Time is in decaauts)
 A = Elapsed time spent in this place.
 B = Non-inter-level travel time spent in this place.
 C = Inter-level travel time spent in this place.
 D = Time resting spent in this place.
 E = Time spent auto-exploring this place.
 F = Levels seen in this place.
 G = Mean time per level.
                   A        B        C        D        E       F      G
               +--------+--------+--------+--------+--------+-----+--------+
         Total |   1145 |   1133 |     12 |    182 |     25 |   3 |  381.7 |
       Dungeon |   1145 |   1133 |     12 |    182 |     25 |   3 |  381.7 |
               +--------+--------+--------+--------+--------+-----+--------+

Top non-repeatable levels by time:
     D:1: 533 daAuts
     D:2: 470 daAuts
     D:3: 140 daAuts
